 Dungeon Crawl Stone Soup version 0.25-a0-55-g0753fd1ad2 (webtiles) character file.

Game seed: 12941076945919383624, levelgen mode: deterministic

40 Gumption the Grave Robber (level 3, 0/24 HPs)
             Began as a Demonspawn Necromancer on Oct 25, 2019.
             Slain by a bat zombie (1 damage)
             ... on level 2 of the Dungeon.
             The game lasted 00:18:33 (1471 turns).

Gumption the Grave Robber (Demonspawn Necromancer)  Turns: 1471, Time: 00:18:34

Health: 0/24       AC:  2    Str:  8    XL:     3   Next: 30%
Magic:  6/6        EV: 12    Int: 17    God:
Gold:   37         SH:  0    Dex: 13    Spells: 1/7 levels left

rFire    . . .     SeeInvis .   h - +0 dagger
rCold    . . .     Gourm    .   (no shield)
rNeg     . . .     Faith    .   a - +0 robe
rPois    .         Spirit   .   (no helmet)
rElec    .         Reflect  .   (no cloak)
rCorr    .         Harm     .   (no gloves)
MR       .....                  (no boots)
Stlth    ++........             (no amulet)
HPRegen  0.08/turn              (no ring)
MPRegen  0.10/turn              (no ring)

@: no status effects
A: rot immunity
a: no special abilities


You were on level 2 of the Dungeon.
You were very hungry.

You visited 1 branch of the dungeon, and saw 2 of its levels.

You collected 37 gold pieces.

Inventory:

Hand Weapons
 h - a +0 dagger (weapon)
Missiles
 d - 4 stones (quivered)
Armour
 a - a +0 robe (worn)
Jewellery
 c - an uncursed ring of stealth {unknown}
 m - a +4 ring of dexterity {unknown}
Scrolls
 b - 2 scrolls of enchant armour {unknown}
 j - 2 scrolls of identify {unknown}
 l - a scroll of amnesia {unknown}
 o - a scroll of remove curse {unknown}
 p - a scroll of immolation {unknown}
Potions
 f - a potion of haste {unknown}
 g - a potion of ambrosia {unknown}
 i - a potion of curing {unknown}
 k - a potion of heal wounds {unknown}
 n - a potion of lignification {unknown}
Comestibles
 e - 5 rations


   Skills:
 - Level 1.7 Dodging
 - Level 1.7 Stealth
 + Level 2.5 Spellcasting
 + Level 0.1 Hexes
 * Level 5.3 Necromancy


You had one spell level left.
You knew the following spells:

 Your Spells              Type           Power        Failure   Level  Hunger
a - Pain                  Necr           ###.         1%          1    #......
b - Animate Skeleton      Necr           N/A          1%          1    #......
c - Vampiric Draining     Necr           ###.......   6%          3    ###....
d - Confusing Touch       Hex            #.....       17%         1    #......

Your spell library contained the following spells:

 Spells                   Type           Power        Failure   Level  Hunger
 Apportation              Tloc           #.....       19%         1    #......
 Summon Small Mammal      Summ           #...         19%         1    #......
 Regeneration             Chrm/Necr      ##........   19%         3    ###....
 Animate Dead             Necr           N/A          21%         4    #####..


Dungeon Overview and Level Annotations

Branches:
Dungeon (2/15)

Altars:
Kikubaaqudgha


Innate Abilities, Weirdness & Mutations

You are immune to rotting.


Message History

The bat skeleton hits you but does no damage.
The vampire bat closely misses you.
You closely miss the bat skeleton.
The bat skeleton is severely damaged.
The bat skeleton hits you but does no damage. x2
The vampire bat bites you.
* * * LOW HITPOINT WARNING * * *
The vampire bat draws strength from your injuries!
The bat skeleton misses you. The vampire bat bites you.
* * * LOW HITPOINT WARNING * * *
The vampire bat draws strength from your injuries!
The vampire bat bites something.
You feel a bit more experienced. The vampire bat barely misses you.
Okay, then.
The vampire bat bites the bat zombie.
The vampire bat bites itself but does no damage.
The bat zombie hits you but does no damage.
The bat zombie hits you.
You die...

##.#Z#.#.#.##..........
#.#.⌠.#.⌠.#.##...######
##.#.#.#.#.###...# #..#
#.⌠.#.⌠.#.⌠.##...###..#
#.#.#.#.#.###........#
##.⌠.#.⌠b## #..####.##
#.#.#.#.#.# #.........
########## #..#.⌠Z#..#
#...###.## .....<...#
#.#.#@#.#.# #.........
.........# ##.⌠.#.⌠.##
#.......#. .........#
##.....## #.........
.........# ###'''##
#.......## .........#
#).....######.####.#
.........#
####.............#.#
.........#
#.......######.##.#.#
###.....##
#.###..#######.##.#.##
#.....#
#...............#.....


You could see a vampire bat (confused) and a bat zombie.

Vanquished Creatures
  An adder (D:2)
  A worm (D:2)
  A leopard gecko (D:1)
  3 bat skeletons (D:2)
  A bat zombie (D:2)
  A giant cockroach (D:1)
  3 goblins (D:1)
  5 hobgoblins (D:1)
  A bat (D:1)
  A frilled lizard (D:1)
  2 kobolds
  4 rats
24 creatures vanquished.

Vanquished Creatures (collateral kills)
  A dart slug (D:1)
  A giant cockroach (D:2)
2 creatures vanquished.

Grand Total: 26 creatures vanquished

Notes
Turn   | Place    | Note
-------+----------+-------------------------------------------
     0 | D:1      | Gumption the Demonspawn Necromancer began the quest for the
                  | Orb.
     0 | D:1      | Reached XP level 1. HP: 13/13 MP: 3/3
     2 | D:1      | Learned a level 1 spell: Animate Skeleton
   459 | D:1      | Gained mutation: You are immune to rotting. [demonic
                  | ancestry]
   459 | D:1      | Reached XP level 2. HP: 19/19 MP: 3/5
   565 | D:1      | You fall into a shaft and drop 1 floor!
   631 | D:1      | Reached skill level 5 in Necromancy
  1038 | D:2      | Reached XP level 3. HP: 21/24 MP: 1/6
  1269 | D:2      | Learned a level 3 spell: Vampiric Draining
  1271 | D:2      | Learned a level 1 spell: Confusing Touch
  1449 | D:2      | Found an ancient bone altar of Kikubaaqudgha.
  1466 | D:2      | HP: 1/24 [vampire bat (2)]
  1471 | D:2      | Slain by a bat zombie

Levels and vault maps discovered:
D:1:      evilmike_arrival_plus, layout_rooms, minmay_pentomino_q2
D:2:      layout_basic, tso_altar, kennysheep_vampire_church,
          yredelemnul_forgotten_temple_becter, first_ration

Table legend:
 A = Non-vault XP
 B = Vault XP
 C = Vault XP percentage of total XP
 D = Non-vault monster count
 E = Vault monster count
 F = Vault count percentage of total count
                 A         B        C        D         E       F
            +---------+---------+-------+---------+---------+-------
      Total |      45 |      13 |  22.4 |      20 |       6 |  23.1
            +---------+---------+-------+---------+---------+-------
        D:1 |      22 |       5 |  18.5 |      14 |       2 |  12.5
        D:2 |      23 |       8 |  25.8 |       6 |       4 |  40.0
            +---------+---------+-------+---------+---------+-------
